 Dungeon Crawl Stone Soup version 0.23-a0-375-g66a18ee (webtiles) character file.

21 HarryHood the Cudgeler (level 2, 0/26 HPs)
             Began as a Minotaur Fighter on Oct 27, 2018.
             Succumbed to an adder's poison
             ... on level 2 of the Dungeon.
             The game lasted 00:03:16 (394 turns).

HarryHood the Cudgeler (Minotaur Fighter)            Turns: 394, Time: 00:03:16

Health: 0/26       AC:  6    Str: 20    XL:     2   Next: 65%
Magic:  1/1        EV:  7    Int:  5    God:
Gold:   107        SH:  9    Dex:  9    Spells: 1/1 levels left

rFire    . . .     SeeInvis .   a - +1 flail
rCold    . . .     Gourm    .   c - +0 shield
rNeg     . . .     Faith    .   b - +0 scale mail
rPois    .         Spirit   .   (helmet restricted)
rElec    .         Reflect  .   (no cloak)
rCorr    .         Harm     .   (no gloves)
MR       .....                  (no boots)
Stlth    ..........             (no amulet)
HPRegen  0.08/turn              (no ring)
MPRegen  0.07/turn              (no ring)

@: lethally poisoned (0 -> -6)
A: retaliatory headbutt, horns 2
a: no special abilities


You were on level 2 of the Dungeon.
You were not hungry.

You visited 1 branch of the dungeon, and saw 2 of its levels.

You collected 107 gold pieces.

Inventory:

Hand Weapons
 a - a +1 flail (weapon)
Armour
 b - a +0 scale mail (worn)
 c - a +0 shield (worn)
Potions
 d - a potion of might
 g - a potion of agility
 i - a potion of haste
 l - a potion of curing {unknown}
 m - 2 potions of lignification {!q}
Comestibles
 e - 4 rations {@e1}
 f - 2 chunks of flesh


   Skills:
 - Level 3.6 Fighting
 + Level 4.0 Maces & Flails
 - Level 3.6 Armour
 - Level 3.6 Shields


You had one spell level left.
You didn't know any spells.
Your spell library was empty.

Dungeon Overview and Level Annotations

Branches:
Dungeon (2/15)

Altars:


Innate Abilities, Weirdness & Mutations

You reflexively headbutt those who attack you in melee.
You have a pair of horns on your head.


Message History

You take 1 damage, and have 10/26 hp.
You closely miss the adder.
You feel sick. The adder barely misses you. You block the adder's attack.
You take 1 damage, and have 9/26 hp.
You barely miss the adder. Your headbutt misses the adder.
You feel sick. The adder bites you.
* * * LOW HITPOINT WARNING * * *
You take 3 damage, and have 6/26 hp.
You miss the adder. The adder bites you.
* * * LOW HITPOINT WARNING * * *
You block the adder's attack.
You take 4 damage, and have 2/26 hp.
You hit the adder.
* * * LOW HITPOINT WARNING * * *
You feel sick.
The adder bites you but does no damage. x2
You take 1 damage, and have 1/26 hp.
You sock the adder!
You kill the adder!
Your Maces & Flails skill increases to level 4!
You die...

#........#####.#
#..###...<# #####
#.........#.....#
.##...#>..รท.......#
.........)........#
#...............#
#.....#...#.....#
#"$...#...#######
#....@#.###
#...%.#.# #.......#
####.#### .. ... .##
#.


There were no monsters in sight!

Vanquished Creatures
  An adder (D:2)
  2 dart slugs
  4 goblins
  2 frilled lizards
  A rat (D:1)
10 creatures vanquished.

Notes
Turn   | Place    | Note
-------+----------+-------------------------------------------
     0 | D:1      | HarryHood the Minotaur Fighter began the quest for the Orb.
     0 | D:1      | Reached XP level 1. HP: 19/19 MP: 0/0
   301 | D:1      | Reached skill level 3 in Maces & Flails
   351 | D:2      | Reached XP level 2. HP: 26/26 MP: 1/1
   360 | D:2      | Found a faded altar of an unknown god.
   391 | D:2      | HP: 2/26 [adder (4)]
   393 | D:2      | Reached skill level 4 in Maces & Flails
   394 | D:2      | Succumbed to an adder's poison

Vault maps used:
D:1:      tarquinn_simple_flora_water_a, minmay_strange_pillars
D:2:      chequers_ecumenical_altar_simple, first_ration

Skill      XL: |  1  2 |
---------------+-------+-----
Maces & Flails | 3 4 |  4.0
Fighting       | |  3.6
Armour         | |  3.6
Shields        | |  3.6

Action                   || total
-------------------------++-------
Melee: Flail             ||    34
       Headbutt          ||     4
  Use: Scroll            ||     6
Armor: Scale mail        ||    18
Dodge: Dodged            ||     4
Block: Shield            ||    13

Table legend:
 A = Non-vault XP
 B = Vault XP
 C = Vault XP percentage of total XP
 D = Non-vault monster count
 E = Vault monster count
 F = Vault count percentage of total count
                 A         B        C        D         E       F
            +---------+---------+-------+---------+---------+-------
      Total |      31 |       0 |   0.0 |      10 |       0 |   0.0
            +---------+---------+-------+---------+---------+-------
        D:1 |       8 |       0 |   0.0 |       4 |       0 |   0.0
        D:2 |      23 |       0 |   0.0 |       6 |       0 |   0.0
            +---------+---------+-------+---------+---------+-------
